 Dungeon Crawl Stone Soup version 0.27-a0-1191-g601b473118 (webtiles) character file.

Game seed: 4651248318723107565

5663 karkarkar the Cleaver (level 10, -1/90 HPs)
             Began as a Minotaur Berserker on May 21, 2021.
             Was an Elder of Trog.
             Succumbed to Grum's poison
             ... on level 9 of the Dungeon on May 24, 2021.
             The game lasted 00:23:37 (8048 turns).

karkarkar the Cleaver (Minotaur Berserker)          Turns: 8048, Time: 00:23:38

Health: -1/90      AC: 11    Str: 24    XL:     10   Next: 47%
Magic:  9/9        EV: 12    Int:  4    God:    Trog [****..]
Gold:   295        SH:  5    Dex: 11    Spells: 9/9 levels left

rFire    + . .     SeeInvis .   y - +2 hand axe (vorpal)
rCold    x . .     Faith    .   (no shield)
rNeg     + . .     Spirit   .   q - +2 scale mail {rN+}
rPois    .         Reflect  +   (helmet restricted)
rElec    .         Harm     .   (no cloak)
rCorr    .         Rampage  .   x - +0 pair of gloves
Will     .....     Rnd*Rage +   (no boots)
Stlth    ..........             a - amulet of reflection
HPRegen  0.25/turn              B - ring of fire
MPRegen  0.11/turn              (no ring)

@: lethally poisoned (-1 -> -25)
A: horns 2, retaliatory headbutt, berserk 1, wild magic 1, evolution 1
a: Renounce Religion, Berserk, Trog's Hand, Brothers in Arms


You were on level 9 of the Dungeon.
You worshipped Trog.
Trog was greatly pleased with you.
You visited 1 branch of the dungeon, and saw 9 of its levels.

You collected 295 gold pieces.

Inventory:

Hand Weapons
 m - a +3 spear of freezing
 y - a +2 vorpal hand axe (weapon)
 A - a +1 flail of holy wrath
 F - a +1 whip of distortion
Missiles
 d - 7 javelins (quivered)
 r - 2 throwing nets
Armour
 c - +0 steam dragon scales
 q - a +2 scale mail of positive energy (worn)
 v - a +0 plate armour
 x - a +0 pair of gloves (worn)
Jewellery
 a - an amulet of reflection (around neck)
 B - a ring of fire (left hand)
Wands
 p - a wand of digging (2)
 E - a wand of iceblast (6)
Scrolls
 e - a scroll of blinking {unknown}
 f - 5 scrolls of teleportation
 g - a scroll of amnesia {unknown}
 i - a scroll of enchant armour
 j - a scroll of magic mapping
 s - a scroll of fog {unknown}
 t - a scroll of holy word
 C - a scroll of noise {unknown}
 H - 3 scrolls of acquirement {unknown}
Potions
 b - a potion of berserk rage {unknown}
 h - a potion of resistance {unknown}
 k - a potion of brilliance {unknown}
 l - a potion of ambrosia
 n - a potion of flight
 o - 2 potions of attraction {unknown}
 u - a potion of cancellation {unknown}
 w - a potion of lignification {unknown}
 z - a potion of degeneration {unknown}
 D - a potion of might
 G - a potion of heal wounds


   Skills:
 + Level 8.4 Fighting
 * Level 11.3(12.2) Axes
 + Level 8.3(10.9) Maces & Flails
 + Level 0.2 Throwing
 + Level 7.9 Armour
 + Level 5.9 Dodging
 + Level 1.1 Stealth
 + Level 3.2 Shields


You had 9 spell levels left.
You didn't know any spells.
Your spell library was empty.

Dungeon Overview and Level Annotations

Branches:
Dungeon (9/15)             Temple (0/1) D:6
   Lair: D:8-11         Orc: D:9-12

Altars:
Cheibriados
Dithmenos
Elyvilon
Hepliaklqana
Qazlal
Ru
Trog
Wu Jian
Zin
The Shining One

Shops:
D:1 ?   D:6 :   D:8 *

Annotations:
D:9 Grum


Innate Abilities, Weirdness & Mutations

You have a pair of horns on your head.
You reflexively headbutt those who attack you in melee.
You tend to lose your temper in combat.
Your spells are a little harder to cast, but a little more powerful.
You evolve.


Message History

You hit the wolf.
You kill the wolf!
Trog accepts your kill. The wolf closely misses you.
You block the wolf's attack.
You slash the wolf!
You kill the wolf!
Trog accepts your kill. You block Grum's attack. Grum closely misses you.
You see here a wolf corpse.
Grum hits you with a +0 halberd of venom.
You are poisoned.
You see here a wolf corpse.
You feel very sick.
Grum hits you with a +0 halberd of venom!
You are more poisoned.
You hit Grum but do no damage.
You feel very sick. Grum barely misses you.
You slash Grum!
Grum is moderately wounded.
You feel sick.
You hit Grum but do no damage. You headbutt Grum!
Grum is heavily wounded.
You feel sick.
Grum hits you with a +0 halberd of venom!!
* * * LOW HITPOINT WARNING * * *
You are lethally poisoned!
You hit Grum but do no damage.
Grum is heavily wounded.
* * * LOW HITPOINT WARNING * * *
You feel very sick. Grum misses you.
You slash Grum! Your headbutt misses Grum.
Grum is almost dead.
* * * LOW HITPOINT WARNING * * *
You feel very sick.
You hit Grum but do no damage.
Grum is almost dead.
You die...

#.......<.........
#.................
#..†..#########...
###.....# #...
#.......# #...
#.......# #...
#.......#
#†......#
#††@....#
#..g....#
#........##
#........#
#........#
#........#
#........'.
##.......#.
........#


You could see Grum.

Vanquished Creatures
  A two-headed ogre (D:9)
  Pikel (D:9)
  Joseph (D:9)
  Maurice (D:9)
  Prince Ribbit (D:5)
  Sigmund (D:2)
  Eustachio (D:4)
  A wyvern (D:6)
  A steam dragon (D:9)
  3 water moccasins
  Duvessa (D:4)
  A black bear (D:8)
  A hornet zombie (D:6)
  2 orc warriors
  2 sky beasts (D:7)
  2 ogres
  3 wolves (D:9)
  A kobold brigand (D:5)
  A gnoll sergeant (D:9)
  3 bullfrogs
  A scorpion (D:5)
  Dowan (D:4)
  A water moccasin zombie (D:5)
  A water moccasin skeleton (D:4)
  A killer bee (D:9)
  A howler monkey (D:4)
  2 centaur zombies (D:5)
  7 hounds
  A jelly (D:7)
  2 gnoll shamans
  4 orc priests
  2 iguanas
  7 orc wizards
  20 gnolls
  A howler monkey skeleton (D:7)
  12 adders
  3 ufetubi
  2 worms (D:2)
  The ghost of supercan the Sneak, a weakling FoDe (D:5)
  6 dart slugs
  33 orcs
  6 ball pythons
  4 endoplasms
  3 giant cockroaches (D:1)
  6 goblins
  6 hobgoblins
  8 jackals (D:1)
  3 quokkas
  5 bats
  3 frilled lizards
  8 kobolds
  3 rats
193 creatures vanquished.

Vanquished Creatures (others)
  51 fungi (D:9)
  44 plants
95 creatures vanquished.

Grand Total: 288 creatures vanquished

Notes
Turn   | Place    | Note
-------+----------+-------------------------------------------
     0 | D:1      | karkarkar the Minotaur Berserker began the quest for the
                  | Orb.
     0 | D:1      | Reached XP level 1. HP: 19/19 MP: 0/0
    91 | D:1      | Found Qiquemp's Magic Scroll Shoppe.
   100 | D:1      | Reached XP level 2. HP: 18/27 MP: 1/1
   605 | D:1      | Reached ** piety under Trog
   626 | D:1      | Reached XP level 3. HP: 30/33 MP: 2/2
  1026 | D:2      | Found a snail-covered altar of Cheibriados.
  1186 | D:2      | Reached XP level 4. HP: 35/41 MP: 3/3
  1404 | D:2      | Reached skill level 5 in Maces & Flails
  1575 | D:2      | Found a faded altar of an unknown god.
  1697 | D:2      | Noticed Sigmund
  1703 | D:2      | Killed Sigmund
  1704 | D:2      | Reached skill level 5 in Fighting
  1704 | D:2      | Reached XP level 5. HP: 30/48 MP: 4/4
  2297 | D:3      | Reached XP level 6. HP: 56/56 MP: 5/5
  2486 | D:3      | Reached *** piety under Trog
  2882 | D:4      | Noticed Eustachio
  2942 | D:4      | Killed Eustachio
  2943 | D:4      | Reached XP level 7. HP: 50/61 MP: 6/6
  3373 | D:4      | Noticed Dowan
  3374 | D:4      | Noticed Duvessa
  3381 | D:4      | Killed Duvessa
  3387 | D:4      | Killed Dowan
  3678 | D:5      | Entered Level 5 of the Dungeon
  3684 | D:5      | Found a runed translucent gate.
  3686 | D:5      | Found a runed translucent gate.
  3688 | D:5      | Found a runed translucent gate.
  3696 | D:5      | Noticed Prince Ribbit
  3697 | D:5      | Noticed supercan's ghost (weakling FoDe)
  3711 | D:5      | Killed Prince Ribbit
  3712 | D:5      | Reached skill level 1 in Axes
  3712 | D:5      | Reached skill level 1 in Stealth
  3943 | D:5      | Reached XP level 8. HP: 56/70 MP: 7/7
  4102 | D:5      | Found a sacrificial altar of Ru.
  4153 | D:5      | Reached skill level 5 in Armour
  4156 | D:5      | Reached skill level 2 in Axes
  4225 | D:5      | Reached skill level 3 in Axes
  4238 | D:5      | Found an ornate altar of the Wu Jian Council.
  4314 | D:5      | Reached skill level 4 in Axes
  4375 | D:5      | Reached skill level 1 in Shields
  4605 | D:5      | Reached skill level 5 in Axes
  4611 | D:5      | Killed supercan's ghost
  4736 | D:6      | Reached skill level 5 in Dodging
  4906 | D:6      | Reached skill level 6 in Axes
  4913 | D:6      | Reached **** piety under Trog
  4998 | D:6      | Found a staircase to the Ecumenical Temple.
  5076 | D:6      | Found a hazy altar of Hepliaklqana.
  5082 | D:6      | Reached XP level 9. HP: 78/78 MP: 8/8
  5154 | D:6      | Found a bloodstained altar of Trog.
  5285 | D:6      | Found Reoqor's Book Boutique.
  5310 | D:6      | Found a glowing golden altar of the Shining One.
  5440 | D:6      | Reached skill level 7 in Axes
  5591 | D:6      | Gained mutation: You evolve. [potion of mutation]
  5591 | D:6      | Gained mutation: You are robust. (+10% HP) [potion of
                  | mutation]
  5621 | D:7      | Found a glowing silver altar of Zin.
  5785 | D:7      | Reached skill level 8 in Axes
  6189 | D:7      | Gained mutation: You are clumsy. (Dex -2) [evolution]
  6253 | D:7      | Lost mutation: You are clumsy. (Dex -2) [potion of
                  | mutation]
  6253 | D:7      | Lost mutation: You are robust. (+10% HP) [potion of
                  | mutation]
  6253 | D:7      | Gained mutation: You tend to lose your temper in combat.
                  | [potion of mutation]
  6344 | D:7      | Found a shadowy altar of Dithmenos.
  6434 | D:8      | Noticed a skeletal warrior
  6434 | D:8      | Noticed a centaur warrior
  6444 | D:8      | Found Ceivinex's Elemental Accessories.
  6628 | D:8      | Reached skill level 9 in Axes
  6663 | D:8      | Upgraded the game from 0.27-a0-1188-g73eefd5def to
                  | 0.27-a0-1191-g601b473118
  6801 | D:8      | Found a white marble altar of Elyvilon.
  6988 | D:8      | Noticed a red ugly thing
  7005 | D:9      | Found a stormy altar of Qazlal.
  7230 | D:9      | Noticed Pikel
  7246 | D:9      | Killed Pikel
  7448 | D:9      | Noticed Maurice
  7481 | D:9      | Killed Maurice
  7482 | D:9      | Reached skill level 10 in Axes
  7482 | D:9      | Reached XP level 10. HP: 88/88 MP: 9/9
  7510 | D:9      | Noticed Joseph
  7529 | D:9      | Killed Joseph
  7585 | D:9      | Noticed a two-headed ogre
  7641 | D:9      | Killed a two-headed ogre
  7642 | D:9      | Reached skill level 11 in Axes
  7914 | D:9      | Gained mutation: Your spells are a little harder to cast,
                  | but a little more powerful. [evolution]
  8028 | D:9      | Noticed Grum
  8047 | D:9      | HP: 3/90 [poisoned by Grum]
  8048 | D:9      | Succumbed to Grum's poison

Illustrated notes

Levels and vault maps discovered:
D:1:      lemuel_arrival_hallway, layout_basic, serial_shops, shop
D:2:      wander_river, layout_basic, shapermc_ecumenical_altar_mp_vishouse,
          basic_altar, uniq_sigmund
D:3:      layout_basic
D:4:      layout_basic, uniq_eustachio, uniq_duvessa
D:5:      layout_basic, lemuel_round_altar, lemuel_crystal_altar,
          gammafunk_ghost_nasty_kobolds, uniq_prince_ribbit1
D:6:      layout_rooms, lightli_temple_of_fire, old_standard_altar, tso_altar,
          minmay_temple_entry_tees, serial_shops, shop,
          minmay_misc_feat_diagonals, chequers_serial_rivers_micro_a
D:7:      layout_cave_pools, grunt_temple_overflow_open
D:8:      layout_gridville, elyvilon_altar_5, lemuel_crystal_altar,
          nicolae_elemental_shop, nicolae_two_hexagons,
          minmay_tree_intersection, minmay_diamond_spiral
D:9:      layout_irregular_city, nicolae_overflow_hidden_temple,
          due_lair_maze_entry_diamond, serial_glass, glass_columns_a,
          glass_columns_b, glass_columns_b, glass_columns_b, item_on_display_a,
          feat_on_display, item_on_display_a, uniq_grum, uniq_joseph,
          uniq_maurice, uniq_pikel

Skill      XL: |  1  2  3  4  5  6  7  8  9 10 |
---------------+-------------------------------+-----
Maces & Flails | 4 6 8 |  8.3
Fighting       | 4 5 6 7 8 |  8.4
Dodging        | 3 4 5 |  5.9
Armour         | 3 4 5 7 |  7.9
Axes           | 1 6 10 11 | 11.3
Stealth        | 1 |  1.1
Shields        | 1 2 3 |  3.2
Throwing       | |  0.2

Action                   |  1- 3 |  4- 6 |  7- 9 | 10-12 || total
-------------------------+-------+-------+-------+-------++-------
Melee: Mace              |    72 |   124 |    21 |       ||   217
       Headbutt          |     8 |    18 |    60 |     9 ||    95
       Hand axe          |       |       |   283 |    46 ||   329
Throw: Javelin           |       |       |     3 |       ||     3
Invok: Berserk           |     1 |     3 |     7 |     3 ||    14
       Trog's Hand       |       |     1 |     5 |     2 ||     8
  Use: Scroll            |       |     1 |     6 |     1 ||     8
       Potion            |       |     1 |     3 |       ||     4
 Stab: Sleeping          |       |     1 |       |       ||     1
Armor: Animal skin       |    21 |     5 |       |       ||    26
       Scale mail        |       |    71 |   113 |    11 ||   195
Dodge: Dodged            |    57 |    87 |   138 |    26 ||   308
Block: Other             |       |       |    61 |    11 ||    72

Table legend: (Time is in decaauts)
 A = Elapsed time spent in this place.
 B = Non-inter-level travel time spent in this place.
 C = Inter-level travel time spent in this place.
 D = Time resting spent in this place.
 E = Time spent auto-exploring this place.
 F = Levels seen in this place.
 G = Mean time per level.
                   A        B        C        D        E       F      G
               +--------+--------+--------+--------+--------+-----+--------+
         Total |   8188 |   8149 |     39 |   1281 |   5237 |   9 |  909.8 |
       Dungeon |   8188 |   8149 |     39 |   1281 |   5237 |   9 |  909.8 |
               +--------+--------+--------+--------+--------+-----+--------+

Top non-repeatable levels by time:
     D:2: 1340 daAuts
     D:9: 1085 daAuts
     D:5: 1061 daAuts
     D:1: 875 daAuts
     D:6: 870 daAuts
     D:7: 841 daAuts
     D:4: 817 daAuts
     D:3: 733 daAuts
     D:8: 561 daAuts
